 Dungeon Crawl Stone Soup version 0.21.1 (webtiles) character file.

41 Mesmaeker13 the Charmwright (level 3, 0/29 HPs)
             Began as a Demigod Skald on Feb 3, 2018.
             Slain by a centaur
             ... wielding a +0 spear
              (11 damage)
             ... on level 2 of the Dungeon.
             The game lasted 00:01:25 (1272 turns).

Mesmaeker13 the Charmwright (Demigod Skald)         Turns: 1272, Time: 00:01:26

Health: 0/29       AC:  4    Str: 16    XL:     3   Next: 16%
Magic:  7/8        EV: 12    Int: 17    God:
Gold:   31         SH:  0    Dex: 15    Spells: 4/5 levels left

rFire    . . .     SeeInvis .   a - +0 falchion
rCold    . . .     Gourm    .   (no shield)
rNeg     . . .     Faith    .   b - +0 leather armour
rPois    .         Spirit   .   (no helmet)
rElec    .         Reflect  .   f - +0 cloak (curse)
rCorr    .         Harm     .   (no gloves)
MR       .....                  (no boots)
Stlth    +.........             (no amulet)
HPRegen  0.09/turn              (no ring)
MPRegen  0.11/turn              (no ring)

@: infused
A: high mp 1
a: no special abilities


You were on level 2 of the Dungeon.
You were not hungry.

You visited 1 branch of the dungeon, and saw 2 of its levels.

You collected 31 gold pieces.

Inventory:

Hand Weapons
 a - a +0 falchion (weapon)
Armour
 b - a +0 leather armour (worn)
 f - a cursed +0 cloak (worn)
Scrolls
 e - 2 scrolls of identify {unknown}
 g - a scroll of immolation {unknown}
 i - a scroll of enchant armour {unknown}
Books
 c - a book of Battle

   Spells                             Type                      Level
   a - Infusion                       Charms                       1
   b - Shroud of Golubria             Charms/Translocation         2
   c - Song of Slaying                Charms                       2
   d - Spectral Weapon                Hexes/Charms                 3
   e - Regeneration                   Charms/Necromancy            3
Comestibles
 d - 2 rations


   Skills:
 + Level 2.2 Fighting
 + Level 2.3 Long Blades
 + Level 1.6 Armour
 - Level 1.7 Dodging
 - Level 1.7 Spellcasting
 + Level 3.0 Charms


You had 4 spell levels left.
You knew the following spells:

 Your Spells              Type           Power        Failure   Level  Hunger
a - Infusion              Chrm           ##..         7%          1    #......


Dungeon Overview and Level Annotations

Branches:
Dungeon (2/15)


Innate Abilities, Weirdness & Mutations

You have an increased reservoir of magic. (+10% MP)


Message History

Confirm with . or Enter, or press ? or * to list all spells.
You begin infusing your attacks with magical energy.
The howler monkey howls!
The centaur hits you with an uncursed spear. x2
The frilled lizard bites you but does no damage.
The centaur closely misses you.
You riposte.
You hit the centaur but do no damage.
The howler monkey hoots and howls with incredible vigour!
The frilled lizard bites you but does no damage.
You hear a shout!
You hear an angry hiss.
You hear a bark!
You hear a shout!
You hit the centaur.
The centaur is lightly wounded.
The centaur closely misses you.
The centaur hits you with an uncursed spear.
The frilled lizard bites you but does no damage.
You hit the centaur.
The centaur is lightly wounded.
The centaur hits you with an uncursed spear.
The centaur hits you with an uncursed spear!
You die...

### #.. .# #.# #.### ####
#.# .... ...######.# #..#
.......)..### #..#
...#####...<# #..# ##.
#.## #.##.#.####..####...
#.# #.##.#..c@l.h..(...
#.# #.##.######(.......
#.# ##.##.######....####
#.# #...#.##........# #.#
#...............# #.#
#............#..# ## ..#
##.##.#.###.....#####...#
#.# #.
#.#.##.#............# ###
# #########..##..####.#


You could see a centaur, a howler monkey and a frilled lizard.

Vanquished Creatures
  An adder (D:2)
  A dart slug (D:1)
  A leopard gecko (D:1)
  4 bats
  A giant cockroach (D:1)
  3 hobgoblins
  3 frilled lizards (D:1)
  4 goblins
  5 kobolds
  7 rats
30 creatures vanquished.

Notes
Turn   | Place    | Note
-------+----------+-------------------------------------------
     0 | D:1      | Mesmaeker13 the Demigod Skald began the quest for the Orb.
     0 | D:1      | Reached XP level 1. HP: 17/17 MP: 5/5
    18 | D:1      | Reached skill level 1 in Armour
   155 | D:1      | Reached XP level 2. HP: 21/24 MP: 5/7
   884 | D:2      | Reached skill level 3 in Charms
   904 | D:2      | Reached XP level 3. HP: 16/29 MP: 1/8
  1265 | D:2      | Noticed a centaur
  1272 | D:2      | Slain by a centaur

Skill      XL: |  1  2 |
---------------+-------+-----
Armour         | 1 |  1.6
Long Blades    | 2 |  2.3
Fighting       | 2 |  2.2
Charms         | 3 |  3.0
Dodging        | |  1.7
Spellcasting   | |  1.7

Action                   || total
-------------------------++-------
Melee: Falchion          ||    83
 Cast: Infusion          ||     6
 Stab: Sleeping          ||     3
  Eat: Chunk             ||     1
Armor: Leather armour    ||    24
Dodge: Dodged            ||    75
       Rpst.: Falchion   ||    18
